 Dungeon Crawl Stone Soup version 0.21.1-1-g345015f (webtiles) character file.

24 bobthegiant the Ruffian (level 3, -2/29 HPs)
             Began as a Ghoul Warper on Feb 22, 2018.
             Slain by an ogre
             ... wielding a +0 giant club
              (10 damage)
             ... on level 2 of the Dungeon.
             The game lasted 00:04:01 (842 turns).

bobthegiant the Ruffian (Ghoul Warper)               Turns: 842, Time: 00:04:02

Health: -2/29      AC:  5    Str: 14    XL:     3   Next: 2%
Magic:  4/4        EV: 10    Int:  8    God:
Gold:   68         SH:  0    Dex:  9    Spells: 5/5 levels left

rFire    . . .     SeeInvis .     - Unarmed
rCold    + . .     Gourm    .   (no shield)
rNeg     + + +     Faith    .   g - +0 ring mail
rPois    ∞         Spirit   .   (no helmet)
rElec    .         Reflect  .   (no cloak)
rCorr    .         Harm     .   (no gloves)
MR       .....                  (no boots)
Stlth    ..........             (no amulet)
HPRegen  0.00/turn              (no ring)
MPRegen  0.09/turn              (no ring)

@: rotting
A: rotting body, claws 1, carnivore, cold resistance 1, negative energy
resistance 3, inhibited regeneration, torment resistance, unbreathing
a: no special abilities


You were on level 2 of the Dungeon.
You were not hungry.

You visited 1 branch of the dungeon, and saw 2 of its levels.

You collected 68 gold pieces.

Inventory:

Missiles
 d - 5 tomahawks of dispersal (quivered)
 e - 13 stones
Armour
 a - a +0 leather armour
 g - a +0 ring mail (worn)
Scrolls
 c - a scroll of blinking
 h - a scroll of remove curse {unknown}
Potions
 j - a potion of resistance {unknown}
 k - 2 potions of mutation {unknown}
 l - a potion of cancellation {unknown}
Books
 b - a book of Spatial Translocations

   Spells                             Type                      Level
   a - Blink                          Translocation                2
   b - Shroud of Golubria             Charms/Translocation         2
   c - Lesser Beckoning               Translocation                3
   d - Gell's Gravitas                Translocation                3
   e - Teleport Other                 Translocation                3
   f - Passage of Golubria            Translocation                4
Comestibles
 f - 2 rations
 i - 2 chunks of flesh


   Skills:
 - Level 2.1 Fighting
 - Level 0.8 Throwing
 - Level 0.8 Armour
 - Level 1.7 Dodging
 + Level 3.7 Unarmed Combat
 - Level 1.7 Spellcasting
   Level 2.6 Translocations


You had 5 spell levels left.
You didn't know any spells.

Dungeon Overview and Level Annotations

Branches:
Dungeon (2/15)

Altars:


Innate Abilities, Weirdness & Mutations

Your body is rotting away.
You thrive on raw meat.
You are immune to poison.
You have sharp fingernails.
You are carnivorous and can eat meat at any time.
Your flesh is cold resistant. (rC+)
You are immune to negative energy. (rN+++)
You do not regenerate when monsters are visible.
You are immune to unholy pain and torment.
You can survive without breathing.


Message History

Some of the chunks of flesh in your inventory have rotted away.
An ogre comes into view. It is wielding a giant club.
A quokka comes into view.
The ogre closely misses you.
You claw the ogre!
The ogre is moderately wounded.
The quokka bites you.
You barely miss the ogre.
The ogre is moderately wounded.
The ogre barely misses you. The quokka bites you.
You scratch the ogre.
The ogre is heavily wounded.
The ogre hits you with a giant club!
Ouch! That really hurt!
* * * LOW HITPOINT WARNING * * *
The quokka bites you but does no damage.
You scratch the ogre but do no damage.
The ogre is heavily wounded.
The quokka closely misses you. The ogre hits you with a giant club!
You die...

#..#
#..#
#..#
#..#
#..#
#..#
#Or#
#@.#
#..#
#..#
#..#
#..#
#..#
#..#
#..#
#..#


You could see an ogre and a quokka.

Vanquished Creatures
  A dart slug (D:1)
  6 giant cockroaches
  A goblin (D:1)
  3 hobgoblins (D:1)
  A kobold (D:1)
  2 bats (D:1)
  4 frilled lizards
  3 rats
21 creatures vanquished.

Notes
Turn   | Place    | Note
-------+----------+-------------------------------------------
     0 | D:1      | bobthegiant the Ghoul Warper began the quest for the Orb.
     0 | D:1      | Reached XP level 1. HP: 17/17 MP: 2/2
   208 | D:1      | Reached skill level 3 in Unarmed Combat
   208 | D:1      | Reached XP level 2. HP: 13/24 MP: 3/3
   787 | D:2      | Reached XP level 3. HP: 26/29 MP: 4/4
   835 | D:2      | Noticed an ogre
   842 | D:2      | Slain by an ogre

Skill      XL: |  1 |
---------------+----+-----
Unarmed Combat | 3 |  3.7
Fighting       | |  2.1
Throwing       | |  0.8
Armour         | |  0.8
Dodging        | |  1.7
Spellcasting   | |  1.7
Translocations | |  2.6

Action                   || total
-------------------------++-------
Melee: Unarmed           ||    81
       Punch             ||     1
  Eat: Chunk             ||     1
Armor: Leather armour    ||     9
       Ring mail         ||    16
Dodge: Dodged            ||    49
